[gd_scene load_steps=11 format=3 uid="uid://l25teo2vohvd"]

[ext_resource type="PackedScene" uid="uid://bipdprsbkeqcp" path="res://entity.tscn" id="1_mpwqp"]
[ext_resource type="PackedScene" uid="uid://dmjydi7k7ot57" path="res://entity_sprite.tscn" id="2_4fk3f"]
[ext_resource type="Texture2D" uid="uid://dnj3lv6buvt4b" path="res://assets/creatures/bichus-dumalus.png" id="3_3p3yq"]
[ext_resource type="Script" path="res://ai/navigator.gd" id="4_kbxk5"]
[ext_resource type="Texture2D" uid="uid://bd8agim7tjg74" path="res://assets/creatures/bichus-dumalus-shiny.png" id="4_l8lw4"]
[ext_resource type="PackedScene" uid="uid://b5v6riocbbrvr" path="res://carnivore.tscn" id="5_ol35k"]
[ext_resource type="Script" path="res://game/creature.gd" id="6_xgd50"]
[ext_resource type="Script" path="res://game/reproduction.gd" id="7_csd36"]
[ext_resource type="PackedScene" uid="uid://bfd6kbmrgphws" path="res://stats.tscn" id="7_oj45m"]
[ext_resource type="Script" path="res://game/size.gd" id="9_h56ok"]

[node name="Eel" instance=ExtResource("1_mpwqp")]
species_name = "[i]Bichus dumalus[/i]"
speed = 1.0

[node name="Sprite3D" parent="." index="0" instance=ExtResource("2_4fk3f")]
transform = Transform3D(0.0196962, 0.00347297, 0, -0.00347297, 0.0196962, 0, 0, 0, 0.02, 0, 0.07, 0)
texture = ExtResource("3_3p3yq")
shiny_texture = ExtResource("4_l8lw4")

[node name="Navigator" type="Node" parent="." index="1"]
script = ExtResource("4_kbxk5")
movement_types = 2

[node name="Carnivore" parent="." index="2" instance=ExtResource("5_ol35k")]
prey_levels = Array[int]([0, 1])
max_fed_to_hunt = 0.8

[node name="Creature" type="Node" parent="." index="3"]
script = ExtResource("6_xgd50")
prey_level = 2
nutrition_level = 1

[node name="Stats" parent="." index="4" instance=ExtResource("7_oj45m")]
hunger_rate = 0.065

[node name="Reproduction" type="Node" parent="." index="5"]
script = ExtResource("7_csd36")
min_fed = 0.65
cooldown = 15.0

[node name="Size" type="Node" parent="." index="6"]
script = ExtResource("9_h56ok")
size = 3

[node name="Area3D" parent="." index="7"]
visible = false
